 Dungeon Crawl Stone Soup version 0.32-a0-791-gfc315c9ecd (webtiles) character file.

Game seed: 12130893236670020188

11 AeshMezareph the Trooper (level 2, -4/31 HPs)
             Began as an Oni Warper on Mar 20, 2024.
             Slain by a gnoll
             ... wielding a +0 flail
              (6 damage)
             ... on level 1 of the Dungeon.
             The game lasted 00:01:04 (257 turns).

AeshMezareph the Trooper (Oni Warper)                Turns: 257, Time: 00:01:05

Health: -4/31      AC:  4    Str: 14    XL:     2   Next: 29%
Magic:  5/5        EV:  9    Int: 14    God:
Gold:   50         SH:  0    Dex:  8    Spells: 6/6 levels left

rFire   . . .        a - +0 mace
rCold   . . .        (no shield)
rNeg    . . .        b - +0 robe
rPois   .            (helmet restricted)
rElec   .            g - +0 cloak
rCorr   .            (gloves unavailable)
SInv    .            (boots unavailable)
Will    .....        f - amulet of regeneration
Stlth   +            (no ring)
HPRegen 1.05/turn    (no ring)
MPRegen 0.09/turn

%: no passive effects
@: no status effects
A: large, unfitting armour, horns 1, tough skin 1, double potion healing,
drunken brawling
a: no special abilities


You were on level 1 of the Dungeon.
You visited 1 branch of the dungeon, and saw 1 of its levels.

You collected 50 gold pieces.

Inventory:

Hand Weapons
 a - a +0 mace (weapon)
Missiles
 d - 7 darts of dispersal (quivered)
Armour
 b - a +0 robe (worn)
 g - a +0 cloak (worn)
Jewellery
 f - an amulet of regeneration (around neck)
Scrolls
 c - a scroll of blinking
Potions
 e - a potion of attraction {unknown}
 h - a potion of might {unknown}


   Skills:
 * Level 3.1 Fighting
 * Level 2.2 Maces & Flails
 + Level 1.1 Throwing
 + Level 2.2 Dodging
 + Level 2.5 Spellcasting
 + Level 2.7 Translocations


You had 6 spell levels left.
You didn't know any spells.
Your spell library contained the following spells:

 Spells                   Type           Power      Damage    Failure   Level
 Blink                    Tloc           18%        N/A       11%         2
 Lesser Beckoning         Tloc           18%        N/A       11%         2
 Teleport Other           Tloc           9%         N/A       22%         3
 Manifold Assault         Tloc           9%         N/A       56%         4
 Vhi's Electric Charge    Tloc/Air       10%        N/A       77%         4


Dungeon Overview and Level Annotations

Branches:
Dungeon (1/15)

Altars:


Innate Abilities, Weirdness & Mutations

You are too large for most types of armour.
You have a pair of small horns on your head.
You have tough skin. (AC +1)
You gain doubled healing and magic from potions.
Whenever you drink a healing potion, you attack all around you.


Message History

You kill the kobold!
No target in view!
You see here a quokka corpse.
You now have 39 gold pieces (gained 11).
You see here a quokka corpse.
Found a leather armour.
Things that are here:
a +0 short sword; a kobold corpse
Found 5 stones.
You now have 50 gold pieces (gained 11).
A gnoll comes into view. It is wielding a +0 flail.
The gnoll shouts!
A kobold comes into view. It is wielding a +0 dagger.
The kobold shouts!
You see here 5 stones.
Unknown command.
You hit the gnoll.
The gnoll is lightly wounded.
The gnoll hits you with a +0 flail.
You hit the gnoll.
The gnoll is moderately wounded.
The gnoll barely misses you.
You hit the gnoll.
The gnoll is heavily wounded.
The gnoll hits you with a +0 flail! x2
* * * LOW HITPOINT WARNING * * *
You hit the gnoll.
The gnoll is severely wounded.
The gnoll hits you with a +0 flail.
* * * LOW HITPOINT WARNING * * *
You hit the gnoll.
The gnoll is severely wounded.
The gnoll misses you.
You hit the gnoll but do no damage.
You headbutt the gnoll, but do no damage.
The gnoll is severely wounded.
The gnoll hits you with a +0 flail.
* * * LOW HITPOINT WARNING * * *
The gnoll hits you with a +0 flail.
You die...

......>..............#
.†.###.........##.(#.##.##
..># #.....†...#.........#
...###.......#.##.K#.##.##
.............).....#.#.#
........##.###.###g.[.##
[..#######.# #.# #.....#
#### #.# #.###.###.# #.#
#..@gK# ... #.# #####.# ##
#... ....# #####


You could see a gnoll and a kobold.

Vanquished Creatures
  2 ball pythons (D:1)
  An endoplasm (D:1)
  A giant cockroach (D:1)
  2 hobgoblins (D:1)
  A quokka (D:1)
  A bat (D:1)
  2 kobolds (D:1)
  A rat (D:1)
11 creatures vanquished.

Notes
Turn   | Place    | Note
-------+----------+-------------------------------------------
     0 | D:1      | AeshMezareph the Oni Warper began the quest for the Orb.
     0 | D:1      | Reached XP level 1. HP: 22/22 MP: 3/3
    47 | D:1      | Reached skill level 3 in Fighting
   143 | D:1      | Reached XP level 2. HP: 30/31 MP: 5/5
   257 | D:1      | Slain by a gnoll

Illustrated notes

Levels and vault maps discovered:
D:1:      dpeg_arrival_more_subterranean_lakeside_camping, layout_loops_ring

Skill      XL: |  1 |
---------------+----+-----
Fighting       | 3 |  3.1
Maces & Flails | |  2.2
Throwing       | |  1.1
Dodging        | |  2.2
Spellcasting   | |  2.5
Translocations | |  2.7

Action                     || total
---------------------------++-------
  Melee: Mace              ||    35
         Headbutt          ||     2
 Armour: Robe              ||    37
  Dodge: Dodged            ||    14

Table legend: (Time is in decaauts)
 A = Elapsed time spent in this place.
 B = Non-inter-level travel time spent in this place.
 C = Inter-level travel time spent in this place.
 D = Time resting spent in this place.
 E = Time spent auto-exploring this place.
 F = Levels seen in this place.
 G = Mean time per level.
                   A        B        C        D        E       F      G
               +--------+--------+--------+--------+--------+-----+--------+
         Total |    267 |    267 |      0 |      8 |    144 |   1 |  267.0 |
       Dungeon |    267 |    267 |      0 |      8 |    144 |   1 |  267.0 |
               +--------+--------+--------+--------+--------+-----+--------+

Top non-repeatable levels by time:
     D:1: 267 daAuts
